 Dungeon Crawl Stone Soup version 0.28.0-1-gb440e238dd (webtiles) character file.

Game seed: 10376567276223106292

427 tilp the Chopper (level 6, -1/56 HPs)
             Began as a Hill Orc Fighter on Feb 19, 2022.
             Was an Initiate of Gozag.
             Killed from afar by Dowan (20 damage)
             ... with a shard of ice
             ... on level 4 of the Dungeon.
             The game lasted 00:03:09 (2969 turns).

tilp the Chopper (Hill Orc Fighter)                 Turns: 2969, Time: 00:03:09

Health: -1/56      AC: 10    Str: 21    XL:     6   Next: 97%
Magic:  6/6        EV:  9    Int:  8    God:    Gozag
Gold:   98         SH:  4    Dex: 10    Spells: 5/5 levels left

rFire   . . .      SeeInvis .   a - +3 war axe (flame)
rCold   . . .      Faith    .   c - +0 buckler
rNeg    . . .      Spirit   .   f - +0 scale mail
rPois   .          Reflect  .   (no helmet)
rElec   .          Harm     .   l - +0 cloak
rCorr   .          Rampage  .   g - +1 pair of gloves
Will    +....                   (no boots)
Stlth   ..........              (no amulet)
HPRegen 0.18/turn               j - ring of willpower
MPRegen 0.10/turn               (no ring)

@: mighty, gold aura
A: no striking features
a: Renounce Religion, Potion Petition, Call Merchant, Bribe Branch


You were on level 4 of the Dungeon.
You worshipped Gozag.
Gozag was noncommittal.
You visited 1 branch of the dungeon, and saw 4 of its levels.

You collected 121 gold pieces.
You paid 23 gold pieces to Gozag.

Inventory:

Hand Weapons
 a - a +3 war axe of flaming (weapon)
 b - a +0 war axe
Missiles
 e - 71 stones (quivered)
 m - a throwing net
Armour
 c - a +0 buckler (worn)
 f - a +0 scale mail (worn)
 g - a +1 pair of gloves (worn)
 l - a +0 cloak (worn)
Jewellery
 j - a ring of willpower (left hand)
Potions
 h - a potion of attraction
 i - 2 potions of cancellation {unknown}
 k - a potion of heal wounds {unknown}
 p - a potion of lignification {unknown}


   Skills:
 * Level 5.0 Fighting
 * Level 6.8 Axes
 + Level 1.3 Throwing
 + Level 3.8 Armour
 + Level 1.1 Dodging
 + Level 1.2 Stealth
 + Level 3.8 Shields


You had 5 spell levels left.
You didn't know any spells.
Your spell library contained the following spells:

 Spells                   Type           Power      Damage    Failure   Level
 Summon Small Mammal      Summ           0%         N/A       83%         1
 Call Canine Familiar     Summ           0%         N/A       99%         3
 Summon Guardian Golem    Hex/Summ       0%         N/A       99%         3


Dungeon Overview and Level Annotations

Branches:
Dungeon (4/15)
 Temple: D:4-7

Altars:
Gozag

Annotations:
D:4 Dowan


Message History

Duvessa, Sister of Dowan comes into view.
She is wielding a +2 short sword of speed.
You barely miss Sigmund.
Duvessa shouts!
Sigmund casts a spell at you. The magic dart hits you.
Dowan gestures wildly while chanting.
Dowan blinks!
You closely miss Sigmund. Sigmund hits you with a +0 scythe!
Unknown command.
You slash Sigmund! You burn Sigmund.
Sigmund is heavily wounded.
Sigmund casts a spell at you. You resist with almost no effort.
You slice Sigmund!! You burn Sigmund.
You kill Sigmund!
A quokka comes into view.
Your Throwing skill increases to level 1!
Your Stealth skill increases to level 1!
You have reached level 6!
You block Duvessa's attack.
You slice Duvessa!! You burn Duvessa!
Duvessa is severely wounded.
Duvessa hits you with a +2 short sword of speed.
You block Duvessa's attack.
You slash Duvessa! You burn Duvessa.
You kill Duvessa!
Dowan screams, "No!
No!"
Dowan seems to find hidden reserves of power!
You barely miss Dowan. Dowan hits you but does no damage.
You are electrocuted!
* * * LOW HITPOINT WARNING * * *
Your Fighting skill increases to level 5!
Your Dodging skill increases to level 1!
You slash Dowan! You burn Dowan.
Dowan is almost dead.
Dowan shakes with grief.
Dowan barely misses you. Dowan gestures at you while chanting.
The shard of ice hits you!!
You die...
Your body crumbles into a pile of gold.

#.#..#........ # .
.......!..... .# ...
............ #.#....
...........##.......
........#...<.....#
#.......####....#
..#.......###.....#
#............§§§....
#.....$e@....§≈# ###
..##...#r....≈##
......#.....≈#
............§§#
...........##§#
........#..# .+
..#..... ... ...
....


You could see Dowan (fast) and a quokka.

Vanquished Creatures
  Sigmund (D:4)
  Duvessa (D:4)
  Crazy Yiuf (D:2)
  An iguana (D:2)
  3 gnolls (D:3)
  3 adders
  A worm (D:3)
  2 dart slugs (D:1)
  5 ball pythons
  9 bats
  5 endoplasms
  5 giant cockroaches
  7 goblins
  5 hobgoblins
  2 jackals (D:1)
  2 quokkas
  4 frilled lizards
  A kobold (D:2)
  4 rats
62 creatures vanquished.

Notes
Turn   | Place    | Note
-------+----------+-------------------------------------------
     0 | D:1      | tilp the Hill Orc Fighter began the quest for the Orb.
     0 | D:1      | Reached XP level 1. HP: 19/19 MP: 1/1
   155 | D:1      | Reached skill level 3 in Axes
   194 | D:1      | Found a faded altar of an unknown god.
   340 | D:1      | Reached XP level 2. HP: 22/27 MP: 2/2
   608 | D:1      | Reached skill level 4 in Axes
   745 | D:1      | Reached XP level 3. HP: 30/33 MP: 3/3
  1083 | D:1      | Identified a scroll of acquirement
  1083 | D:1      | Acquired a +3 war axe of flaming
  1240 | D:2      | Reached skill level 5 in Axes
  1310 | D:2      | Reached XP level 4. HP: 13/40 MP: 4/4
  1705 | D:2      | Found a runed translucent door.
  1706 | D:2      | Noticed Crazy Yiuf
  1947 | D:2      | Found an opulent altar of Gozag.
  2048 | D:2      | Killed Crazy Yiuf
  2049 | D:2      | Reached skill level 6 in Axes
  2049 | D:2      | Reached XP level 5. HP: 29/46 MP: 5/5
  2590 | D:2      | Became a worshipper of Gozag Ym Sagoz the Greedy
  2956 | D:4      | Noticed Sigmund
  2960 | D:4      | Noticed Dowan
  2961 | D:4      | Noticed Duvessa
  2965 | D:4      | Killed Sigmund
  2966 | D:4      | Reached skill level 1 in Throwing
  2966 | D:4      | Reached skill level 1 in Stealth
  2966 | D:4      | Reached XP level 6. HP: 37/55 MP: 6/6
  2968 | D:4      | Killed Duvessa
  2969 | D:4      | Reached skill level 5 in Fighting
  2969 | D:4      | Reached skill level 1 in Dodging
  2969 | D:4      | Killed from afar by Dowan

Illustrated notes

Levels and vault maps discovered:
D:1:      psy_arrival_fountain, layout_loops_cross,
          shapermc_ecumenical_altar_petra, minmay_tetromino_t4
D:2:      layout_loops_ring, basic_altar, uniq_crazy_yiuf_cottage
D:3:      layout_basic, kennysheep_generic_room_7
D:4:      layout_cave_pools, lightli_temple_of_fire, serial_shops,
          nicolae_shop_statue_plus, uniq_pikel, uniq_sigmund, uniq_eustachio,
          uniq_duvessa

Skill      XL: |  1  2  3  4  5  6 |
---------------+-------------------+-----
Axes           | 3 4 5 6 |  6.8
Fighting       | 4 5 |  5.0
Throwing       | 1 |  1.3
Stealth        | 1 |  1.2
Dodging        | 1 |  1.1
Armour         | |  3.8
Shields        | |  3.8

Action                   |  1- 3 |  4- 6 || total
-------------------------+-------+-------++-------
Melee: War axe           |    90 |    71 ||   161
  Use: Scroll            |     3 |     4 ||     7
       Potion            |       |     1 ||     1
Armor: Scale mail        |    41 |    38 ||    79
Dodge: Dodged            |    41 |    33 ||    74
Block: Buckler           |    19 |    23 ||    42
